[Event "Eurasia Open Cup 2018"]
[Site "Jekaterienburg"]
[Date "2018.08.03"]
[Round "3"]
[White "Sarana, Alexey"]
[Black "Drygalov, Andrey"]
[Result "1-0"]
[ECO "D41"]
[WhiteElo "2613"]
[BlackElo "2450"]
[Annotator "RC"]
[PlyCount "115"]
[EventDate "2018.08.01"]
[EventType "swiss"]
[EventCountry "RUS"]
[SourceTitle "playchess.com"]
[Source "ChessBase"]
[SourceQuality "1"]
[TimeControl "5400+30"]

1. d4 Nf6 2. c4 e6 3. Nf3 d5 4. Nc3 c5 5. cxd5 Nxd5 6. g3 Nc6 7. Bg2 Nxc3 8. bxc3 cxd4 9. cxd4 Bb4+ 10. Bd2 Bxd2+ 11. Qxd2 O-O 12. O-O Qd6 13. Qf4 Qxf4 14. gxf4 Rd8 15. e3 Bd7 16. Nd2 Rac8 17. Ne4 Be8 18. Rfc1 b6 19. Rc3 Ne7 20. Rxc8 Nxc8 21. a4 a5 22. Nc3 Nd6 23. Rb1 Nc4 24. Bb7 Rb8 25. Ba6 Nd6 26. Kf1 Kf8 27. Ke2 Bc6 28. Bd3 Ke7 29. e4 g6 30. f3 Ne8 31. Ke3 Nd6 32. h4 h5 33. Rg1 Rc8 34. Kd2 Rd8 35. Re1 Kf8 36. Rb1 Rb8 37. Be2 Ke7 38. Ke3 Kd8 39. f5 gxf5 40. e5 Nc8 41. f4 Ne7 42. Bxh5 Ng6 43. Bxg6 fxg6 44. Rg1 Be8 45. d5 exd5 46. Kd4 Bf7 47. Nb5 Ke7 48. Rc1 Be6 49. Rc7+ Kf8 50. Ra7 Rc8 51. Nc7 Bd7 52. e6 Bxa4 53. Nxd5 Be8 54. Rh7 Rc6 55. Rh8+ Kg7 56. Rxe8 a4 57. e7 Re6 58. Ra8 1-0

[Event "Eurasia Open Cup 2018"]
[Site "Jekaterienburg"]
[Date "2018.08.03"]
[Round "3"]
[White "Timofeev, Artyom"]
[Black "Rudometov, Maxim"]
[Result "1-0"]
[ECO "D35"]
[WhiteElo "2590"]
[BlackElo "2279"]
[Annotator "ChessBase"]
[PlyCount "81"]
[EventDate "2018.08.01"]
[EventType "swiss"]
[EventCountry "RUS"]
[SourceTitle "playchess.com"]
[Source "ChessBase"]
[SourceQuality "1"]
[TimeControl "5400+30"]

1. d4 Nf6 2. c4 e6 3. Nc3 d5 4. cxd5 Nxd5 5. e3 Nxc3 6. bxc3 Be7 7. Bd3 Nd7 8. Nf3 O-O 9. Qc2 h6 10. O-O b6 11. e4 Bb7 12. Bf4 c5 13. Qd2 Re8 14. Rfe1 Bf8 15. Rad1 cxd4 16. cxd4 Rc8 17. h3 Qe7 18. Rb1 Red8 19. Qe2 Rc3 20. Bd2 Rc7 21. a4 e5 22. d5 Qf6 23. Nh2 Qg6 24. a5 Nc5 25. Bc4 Bc8 26. Ng4 Bxg4 27. hxg4 Nd7 28. Rb3 Bc5 29. Rg3 Bd4 30. g5 Nf6 31. Bb3 Nh7 32. Rd3 hxg5 33. g3 Nf6 34. g4 Nd7 35. Rh3 Nc5 36. Ba2 Qxe4 37. Qxe4 Nxe4 38. Rxe4 Rc2 39. Bxg5 f6 40. Bb3 Rb2 41. Bc1 1-0

[Event "Eurasia Open Cup 2018"]
[Site "Jekaterienburg"]
[Date "2018.08.03"]
[Round "3"]
[White "Pridorozhni, Aleksei"]
[Black "Looshnikov, Nikolai"]
[Result "1-0"]
[ECO "C13"]
[WhiteElo "2564"]
[BlackElo "2404"]
[Annotator "ChessBase"]
[PlyCount "101"]
[EventDate "2018.08.01"]
[EventType "swiss"]
[EventCountry "RUS"]
[SourceTitle "playchess.com"]
[Source "ChessBase"]
[SourceQuality "1"]
[TimeControl "5400+30"]

1. e4 e6 2. d4 d5 3. Nc3 Nf6 4. Bg5 dxe4 5. Nxe4 Nbd7 6. Nf3 Be7 7. Nxf6+ Bxf6 8. h4 c5 9. dxc5 h6 10. Bxf6 Qxf6 11. Qd4 Qxd4 12. Nxd4 Nxc5 13. Rh3 Bd7 14. Re3 O-O 15. O-O-O Rfc8 16. g4 g6 17. g5 hxg5 18. hxg5 Kf8 19. Nf3 Bc6 20. Ne5 Ke7 21. Be2 Nd7 22. Nxc6+ bxc6 23. Ba6 Rcb8 24. Rc3 Rb6 25. Bf1 Rab8 26. b3 Rh8 27. a4 Nb8 28. Kb2 Rh2 29. f3 Rh1 30. f4 Rb4 31. Rf3 Re4 32. Rd2 Rh4 33. Rdf2 Nd7 34. Bg2 c5 35. a5 Rb4 36. Bf1 e5 37. fxe5 Nxe5 38. Rf6 Rhg4 39. Ra6 Rb7 40. Rg2 Rf4 41. Be2 f6 42. Rg3 Rf5 43. Re3 Rxg5 44. Rh3 Kf8 45. Rh8+ Kg7 46. Ra8 Rg2 47. R8xa7 Rxa7 48. Rxa7+ Kh6 49. Bb5 g5 50. a6 Rd2 51. Ra8 1-0

[Event "Eurasia Open Cup 2018"]
[Site "Jekaterienburg"]
[Date "2018.08.03"]
[Round "3"]
[White "Tsydypov, Zhamsaran"]
[Black "Zasukhin, Vadim"]
[Result "1-0"]
[ECO "C02"]
[WhiteElo "2514"]
[BlackElo "2252"]
[Annotator "ChessBase"]
[PlyCount "47"]
[EventDate "2018.08.01"]
[EventType "swiss"]
[EventCountry "RUS"]
[SourceTitle "playchess.com"]
[Source "ChessBase"]
[SourceQuality "1"]
[TimeControl "5400+30"]

1. e4 e6 2. d4 d5 3. e5 c5 4. c3 Qb6 5. Nf3 Nc6 6. Be2 cxd4 7. cxd4 Nh6 8. Bxh6 Qxb2 9. Nc3 Qxc3+ 10. Bd2 Qb2 11. O-O a6 12. Rb1 Qxa2 13. Bd3 Qa3 14. Qc2 Qe7 15. Bxh7 g6 16. Ng5 Kd7 17. Rfc1 Kd8 18. Rb6 Ra7 19. Ba5 Ke8 20. Nxf7 Qh4 21. Qxg6 Kd7 22. Nxh8 Qf4 23. Qc2 Bh6 24. Rxc6 1-0

[Event "Eurasia Open Cup 2018"]
[Site "Jekaterienburg"]
[Date "2018.08.03"]
[Round "3"]
[White "Fakhrutdinov, Timur"]
[Black "Yuferev, Oleg"]
[Result "1-0"]
[ECO "C16"]
[WhiteElo "2463"]
[BlackElo "2223"]
[Annotator "ChessBase"]
[PlyCount "121"]
[EventDate "2018.08.01"]
[EventType "swiss"]
[EventCountry "RUS"]
[SourceTitle "playchess.com"]
[Source "ChessBase"]
[SourceQuality "1"]
[TimeControl "5400+30"]

1. e4 e6 2. d4 d5 3. Nc3 Bb4 4. e5 Ne7 5. a3 Bxc3+ 6. bxc3 b6 7. Qg4 Ng6 8. h4 h5 9. Qg3 Ba6 10. Bg5 Qd7 11. Bxa6 Nxa6 12. Ne2 Qa4 13. O-O Qxc2 14. Qe3 Ne7 15. Rac1 Qa4 16. Bxe7 Kxe7 17. Qg5+ Kd7 18. Qxg7 Raf8 19. Nf4 Ke8 20. Nh3 Rfg8 21. Qf6 Qd7 22. Ng5 Qe7 23. Qf3 b5 24. Qd3 c6 25. f4 Nc7 26. f5 exf5 27. Rxf5 Rxg5 28. hxg5 Ne6 29. Rf6 Nxg5 30. Rxc6 Qb7 31. Rf6 Ne4 32. Rf4 Qc6 33. Rcf1 h4 34. Rg4 a6 35. Qh3 Qxc3 36. Qxc3 Nxc3 37. Kh2 Ne4 38. Rg7 Rf8 39. Rh7 Ng5 40. Rxh4 Ne6 41. Rb1 Ke7 42. a4 Rb8 43. Rb4 Kd7 44. Rh7 Ke7 45. Rh3 Nc7 46. Rc3 Kd7 47. Rc5 Rh8+ 48. Kg3 Rh1 49. axb5 axb5 50. Rb2 Rd1 51. Rf2 Rd3+ 52. Kh2 Ne6 53. Rxd5+ Ke7 54. Rxb5 Nxd4 55. Rb7+ Ke6 56. Rbxf7 Kxe5 57. Re7+ Kd6 58. Re8 Kd7 59. Re4 Kd6 60. Rf8 Kd5 61. Rxd4+ 1-0

[Event "Eurasia Open Cup 2018"]
[Site "Jekaterienburg"]
[Date "2018.08.03"]
[Round "3"]
[White "Mokshanov, Alexey"]
[Black "Pakeeva, Namlana"]
[Result "1-0"]
[ECO "B22"]
[WhiteElo "2439"]
[BlackElo "1623"]
[Annotator "NA"]
[PlyCount "75"]
[EventDate "2018.08.01"]
[EventType "swiss"]
[EventCountry "RUS"]
[SourceTitle "playchess.com"]
[Source "ChessBase"]
[SourceQuality "1"]
[TimeControl "5400+30"]

1. e4 c5 2. Nf3 e6 3. c3 Nf6 4. e5 Nd5 5. Bc4 d6 6. d4 cxd4 7. cxd4 Nc6 8. O-O Be7 9. a3 Nb6 {[%emt 0:01:02] B22: Sicilian: 2 c3} (9... O-O 10. Bd3 Bd7 11. Qc2 g6 12. Bh6 Re8 13. Nbd2 Rc8 14. Qd1 dxe5 15. dxe5 Qc7 16. Qe1 Red8 17. Qe4 b5 {½-½ (70) Wang,H (2734)-Yu,Y (2734) Danzhou 2016 CBM 174 [Bronznik,V]}) 10. Bd3 dxe5 11. dxe5 O-O 12. Nc3 Nd7 13. Bf4 b6 $146 ({Predecessor:} 13... Nc5 14. Bc2 Qxd1 15. Rfxd1 a5 16. Rac1 b6 17. Ne4 {½-½ (58) Kiefhaber,V (2242)-Fojudzka,A (2221) Germany 2011}) 14. Qe2 Nc5 15. Bb5 Bb7 16. Rfd1 Qc7 17. b4 Nd7 18. Bd3 a6 ({Don't blunder} 18... Nxb4 $2 19. Nb5 $18 (19. axb4 Qxc3 20. Be4 Bxe4 $16)) 19. Rac1 ({Don't take} 19. Qe4 $6 g6 $16) 19... b5 20. Ne4 Nb6 21. Bg5 $2 (21. Nf6+ $18 {and White stays clearly on top.} gxf6 22. Ng5) 21... Bxg5 22. Nexg5 h6 23. Qe4 g6 {[%emt 0:03:21] [#]} 24. Nh3 $14 (24. Nxe6 $1 $18 fxe6 25. Qxg6+ Qg7 26. Qxe6+ Kh8 27. Nh4 Nxe5 {[#]} 28. Qxe5 $1 (28. Qxb6 Nf3+ 29. Nxf3 Bxf3 $11) 28... Qxe5 29. Ng6+ Kg7 30. Nxe5) 24... Nd5 25. Nf4 Nde7 26. h4 Nf5 27. h5 Kh7 28. hxg6+ fxg6 29. Nxe6 Qb6 30. Nxf8+ Rxf8 31. Qg4 Bc8 32. Bxf5 Bxf5 33. Qf4 Ne7 34. Qd4 Qb7 35. Qd6 Rc8 36. e6 Bg4 37. Rxc8 Nxc8 38. Qd7+ 1-0

[Event "Eurasia Open Cup 2018"]
[Site "Jekaterienburg"]
[Date "2018.08.03"]
[Round "3"]
[White "Shinkevich, Vitaly"]
[Black "Kryakvin, Dmitry"]
[Result "1/2-1/2"]
[ECO "D27"]
[WhiteElo "2437"]
[BlackElo "2591"]
[Annotator "ChessBase"]
[PlyCount "36"]
[EventDate "2018.08.01"]
[EventType "swiss"]
[EventCountry "RUS"]
[SourceTitle "playchess.com"]
[Source "ChessBase"]
[SourceQuality "1"]
[TimeControl "5400+30"]

1. Nf3 d5 2. d4 Nf6 3. c4 dxc4 4. e3 e6 5. Bxc4 c5 6. O-O Nc6 7. Nc3 a6 8. a4 Be7 9. Qe2 cxd4 10. Rd1 O-O 11. exd4 Nd5 12. Qe4 Nf6 13. Qh4 Nd5 14. Qe4 Nf6 15. Qh4 Nd5 16. Qe4 Nf6 17. Qh4 Nd5 18. Qg3 Bd6 1/2-1/2

[Event "Eurasia Open Cup 2018"]
[Site "Jekaterienburg"]
[Date "2018.08.03"]
[Round "3"]
[White "Drygalov, Sergey"]
[Black "Shaposhnikov, Evgeny"]
[Result "1/2-1/2"]
[ECO "E16"]
[WhiteElo "2433"]
[BlackElo "2588"]
[Annotator "ChessBase"]
[PlyCount "115"]
[EventDate "2018.08.01"]
[EventType "swiss"]
[EventCountry "RUS"]
[SourceTitle "playchess.com"]
[Source "ChessBase"]
[SourceQuality "1"]
[TimeControl "5400+30"]

1. d4 Nf6 2. c4 e6 3. Nf3 b6 4. g3 Bb4+ 5. Bd2 c5 6. Bg2 Bb7 7. Bxb4 cxb4 8. O-O a5 9. Qd3 O-O 10. Nbd2 d6 11. a3 Na6 12. Rfd1 Qc7 13. e4 e5 14. Qe3 Rfe8 15. d5 Bc8 16. Ne1 Ng4 17. Qe2 f5 18. Nd3 Bd7 19. axb4 Nxb4 20. Nxb4 axb4 21. exf5 Bxf5 22. Be4 Bd7 23. Kg2 Nf6 24. f3 Rf8 25. Bd3 Qc8 26. Rxa8 Qxa8 27. Nb3 Qc8 28. Nd2 Bh3+ 29. Kh1 h5 30. Qe3 Qc5 31. Qxc5 bxc5 32. Ra1 g5 33. Kg1 Bc8 34. Ra7 g4 35. fxg4 Bxg4 36. Kg2 e4 37. Nxe4 Nxe4 38. Bxe4 Re8 39. Bh7+ Kh8 40. h3 Re2+ 41. Kf1 Bf3 42. b3 Rb2 43. Bf5 Rxb3 44. g4 hxg4 45. hxg4 Ra3 46. Rb7 Rc3 47. Kf2 Bd1 48. Rb6 b3 49. Rxd6 Rxc4 50. Rb6 Rd4 51. d6 Bc2 52. Ke3 Kg7 53. d7 Kf7 54. Rb8 Bxf5 55. gxf5 Rxd7 56. Rxb3 Kf6 57. Rb5 Rd5 58. Ke4 1/2-1/2

[Event "Eurasia Open Cup 2018"]
[Site "Jekaterienburg"]
[Date "2018.08.03"]
[Round "3"]
[White "Faizrakhmanov, Ramil"]
[Black "Bocharov, Ivan"]
[Result "0-1"]
[ECO "D15"]
[WhiteElo "2407"]
[BlackElo "2552"]
[Annotator "ChessBase"]
[PlyCount "84"]
[EventDate "2018.08.01"]
[EventType "swiss"]
[EventCountry "RUS"]
[SourceTitle "playchess.com"]
[Source "ChessBase"]
[SourceQuality "1"]
[TimeControl "5400+30"]

1. d4 d5 2. c4 c6 3. Nc3 Nf6 4. e3 a6 5. Nf3 Bf5 6. Qb3 Ra7 7. Nh4 Bc8 8. Qc2 e6 9. Nf3 c5 10. cxd5 exd5 11. dxc5 Bxc5 12. Be2 O-O 13. O-O Qe7 14. Rd1 Rd8 15. a3 b5 16. b4 Bd6 17. Bb2 Rc7 18. Rac1 Nc6 19. Qb1 Be6 20. a4 bxa4 21. Nxa4 Nxb4 22. Bxf6 gxf6 23. Rxc7 Qxc7 24. Qb2 Kg7 25. Rc1 Qa5 26. Nc3 Rc8 27. g3 Be5 28. Nxe5 fxe5 29. Rb1 Bh3 30. Ra1 Qc5 31. Nd1 d4 32. exd4 Qxd4 33. Bf1 Bxf1 34. Qxd4 exd4 35. Kxf1 Rc5 36. Ra4 a5 37. Ke1 Kf6 38. f3 Ke6 39. h4 Kd5 40. Nb2 Kc6 41. Kd1 Kb5 42. Ra1 Rc3 0-1

[Event "Eurasia Open Cup 2018"]
[Site "Jekaterienburg"]
[Date "2018.08.03"]
[Round "3"]
[White "Shapiro, David"]
[Black "Sorokin, Aleksey"]
[Result "1/2-1/2"]
[ECO "D41"]
[WhiteElo "2326"]
[BlackElo "2519"]
[Annotator "ChessBase"]
[PlyCount "82"]
[EventDate "2018.08.01"]
[EventType "swiss"]
[EventCountry "RUS"]
[SourceTitle "playchess.com"]
[Source "ChessBase"]
[SourceQuality "1"]
[TimeControl "5400+30"]

1. d4 Nf6 2. c4 e6 3. Nf3 d5 4. Nc3 c5 5. cxd5 Nxd5 6. e4 Nxc3 7. bxc3 cxd4 8. cxd4 Bb4+ 9. Bd2 Bxd2+ 10. Qxd2 O-O 11. Bc4 Nd7 12. O-O b6 13. Rfc1 Bb7 14. Qe3 Rc8 15. a4 h6 16. Bd3 Rxc1+ 17. Rxc1 Qb8 18. Qe1 Rc8 19. h3 Nf6 20. Nd2 Rxc1 21. Qxc1 Qc8 22. Qxc8+ Bxc8 23. Nb3 a5 24. Nd2 Bd7 25. Bc2 b5 26. axb5 Bxb5 27. Nb1 Kf8 28. f3 Ke7 29. Na3 Ba6 30. Kf2 Ne8 31. Ke3 Nd6 32. Bb3 Bf1 33. Kf2 Nb5 34. Kxf1 Nxa3 35. Ke2 f6 36. Kd3 e5 37. Ba4 Kd6 38. Kc3 g5 39. g3 Nb1+ 40. Kc2 Na3+ 41. Kc3 f5 1/2-1/2

[Event "Eurasia Open Cup 2018"]
[Site "Jekaterienburg"]
[Date "2018.08.03"]
[Round "3"]
[White "Gusarov, Aleksey"]
[Black "Khanin, Semen"]
[Result "0-1"]
[ECO "A22"]
[WhiteElo "2238"]
[BlackElo "2494"]
[Annotator "ChessBase"]
[PlyCount "74"]
[EventDate "2018.08.01"]
[EventType "swiss"]
[EventCountry "RUS"]
[SourceTitle "playchess.com"]
[Source "ChessBase"]
[SourceQuality "1"]
[TimeControl "5400+30"]

1. c4 Nf6 2. Nc3 e5 3. a3 g6 4. g3 Bg7 5. Bg2 O-O 6. Nh3 d6 7. O-O Re8 8. d3 a5 9. Ng5 c6 10. Nge4 Nxe4 11. dxe4 Na6 12. Be3 Be6 13. Na4 Nc7 14. Rc1 Ra6 15. Qd2 b5 16. cxb5 Nxb5 17. Qd3 Qb8 18. Nc3 a4 19. Nxb5 cxb5 20. Qd2 Bc4 21. Bf3 d5 22. exd5 e4 23. Bg2 Qe5 24. Rfd1 Qxb2 25. d6 Qxa3 26. Bxe4 Rd8 27. d7 Qe7 28. Bb7 Re6 29. Qa5 Rxe3 30. fxe3 Rxd7 31. Rxd7 Qxd7 32. Qa8+ Bf8 33. Kf2 a3 34. Bf3 Qd2 35. Rxc4 bxc4 36. Bd5 c3 37. Qd8 Qxd5 0-1

[Event "Eurasia Open Cup 2018"]
[Site "Jekaterienburg"]
[Date "2018.08.03"]
[Round "3"]
[White "Fokin, Sergey"]
[Black "Yeletsky, Ivan"]
[Result "1-0"]
[ECO "A34"]
[WhiteElo "2186"]
[BlackElo "2412"]
[Annotator "NA RC"]
[PlyCount "107"]
[EventDate "2018.08.01"]
[EventType "swiss"]
[EventCountry "RUS"]
[SourceTitle "playchess.com"]
[Source "ChessBase"]
[SourceQuality "1"]
[TimeControl "5400+30"]

1. c4 Nf6 2. Nf3 c5 3. Nc3 d5 4. cxd5 Nxd5 5. e4 Nb4 6. Bb5+ N8c6 7. Ne5 {[%emt 0:05:41] A34: Symmetrical English: 2 Nc3, lines with ...d5} (7. O-O a6 8. Bxc6+ Nxc6 9. d3 Bg4 10. h3 Bxf3 11. Qxf3 g6 12. Be3 b6 13. e5 Nxe5 14. Qe4 Bg7 {0-1 (32) Kozul,Z (2613)-Bok,B (2598) Doha 2016}) 7... Bd7 8. Bxc6 $146 ({Predecessor:} 8. Nxd7 Qxd7 9. O-O a6 10. Bxc6 Nxc6 11. Na4 Qd6 12. d3 Nd4 13. Be3 b5 14. Nc3 e6 {1-0 (50) Viktora,Z (2160)-Smrkta,F (2150) Czech Republic 1996}) 8... Nxc6 9. Nxc6 Bxc6 10. d3 e5 11. Be3 Be7 12. O-O O-O 13. Qc2 Qd7 14. Rfd1 Rad8 15. f3 b6 16. a4 a5 17. b3 g6 18. Nb1 f5 19. Na3 Qc7 20. Nc4 Bd7 21. Bd2 f4 22. Bc3 Bf6 23. Qb2 Rde8 24. Kf2 g5 $11 25. h3 Re6 26. Ke2 Bg7 27. Rh1 Rfe8 28. Rag1 Rg6 29. g4 fxg3 30. Rxg3 Bf6 31. Rhg1 h5 32. Ne3 h4 33. Nd5 Qd6 34. Rg4 Bxg4 35. Rxg4 Kf7 36. Bd2 Rf8 37. Qc1 Rfg8 38. Qc4 Qe6 39. Bc3 Kg7 40. f4 Qc6 41. Nxf6 Rxf6 42. Bxe5 Kf8 43. Bxf6 Qxf6 44. Qd5 Qb2+ 45. Kf3 Qd2 46. Qf5+ Ke8 47. Qe6+ Kf8 48. Qf5+ Ke8 49. Qe5+ Kf7 50. fxg5 Qxd3+ 51. Kg2 Rd8 52. Rf4+ Kg8 53. Qe6+ Kh8 54. Qh6+ 1-0

[Event "Eurasia Open Cup 2018"]
[Site "Jekaterienburg"]
[Date "2018.08.03"]
[Round "3"]
[White "Marchuk, Rostislav"]
[Black "Fotin, Vladimir"]
[Result "1/2-1/2"]
[ECO "E61"]
[WhiteElo "2155"]
[BlackElo "2359"]
[Annotator "NA"]
[PlyCount "113"]
[EventDate "2018.08.01"]
[EventType "swiss"]
[EventCountry "RUS"]
[SourceTitle "playchess.com"]
[Source "ChessBase"]
[SourceQuality "1"]
[TimeControl "5400+30"]

1. d4 Nf6 2. Nf3 g6 3. c4 Bg7 4. Nc3 O-O 5. Bg5 d6 6. e3 c6 7. Be2 a6 8. h3 b5 9. a3 Nbd7 10. O-O Nb6 11. Nd2 Be6 12. b3 Qc7 13. Qc2 bxc4 14. bxc4 Rab8 15. c5 Nbd7 16. Bf4 ({Reject} 16. Bxa6 $6 Qa7 $11) 16... Rfd8 17. Bh2 $16 ({But not} 17. Bxa6 $6 Nh5 $14) 17... Nf8 18. Bxa6 Qa5 19. cxd6 exd6 20. Bc4 c5 21. Nb3 Qa7 22. d5 Bc8 23. Qd3 Ne8 24. Ra2 Ba6 25. Bxa6 Rxb3 26. Nb5 Rxd3 27. Nxa7 Rb3 28. Nc6 Ra8 29. Be2 Rbxa3 30. Rxa3 Rxa3 31. Rb1 Ra1 32. Ne7+ Kh8 33. Rxa1 Bxa1 34. Nc8 Be5 35. f4 Bb2 36. Bb5 Nf6 37. Nxd6 Nxd5 38. Kf2 f5 39. Kf3 h5 40. Bg3 Bf6 41. Be1 Nc3 42. Bc6 Kh7 43. g4 hxg4+ 44. hxg4 fxg4+ 45. Kxg4 Ne6 46. e4 Ne2 47. Bd2 Bc3 48. f5 gxf5+ 49. exf5 N6d4 50. Bxc3 Nxc3 51. Ba8 Ncb5 52. Nc4 Nc7 53. Be4 Kg7 54. Nd6 Kf6 55. Kf4 Ne2+ 56. Ke3 Nd4 57. Kf4 1/2-1/2

[Event "Eurasia Open Cup 2018"]
[Site "Jekaterienburg"]
[Date "2018.08.03"]
[Round "3"]
[White "Zhukov, Ivan"]
[Black "Pozin, Sergey"]
[Result "1-0"]
[ECO "B67"]
[WhiteElo "2061"]
[BlackElo "2294"]
[Annotator "NA"]
[PlyCount "64"]
[EventDate "2018.08.01"]
[EventType "swiss"]
[EventCountry "RUS"]
[SourceTitle "playchess.com"]
[Source "ChessBase"]
[SourceQuality "1"]
[TimeControl "5400+30"]

1. e4 c5 2. Nf3 d6 3. d4 cxd4 4. Nxd4 Nf6 5. Nc3 Nc6 6. Bg5 Bd7 7. Qd2 a6 8. O-O-O e6 9. f3 Rc8 10. Kb1 h6 {[%emt 0:07:28] B67: Sicilian: Richter-Rauzer: 7...a6 8 0-0-0 Bd7, lines without 9 f4 Be7} (10... Be7 11. Be3 h5 12. Nxc6 Bxc6 13. Ne2 d5 14. e5 Nd7 15. f4 Bb5 16. Nd4 Bxf1 17. Rhxf1 g6 18. Rf3 {1-0 (45) Aravindh,C (2586)-Kozul,Z (2607) Sitges 2017}) 11. Be3 Nxd4 12. Bxd4 e5 $146 ({Predecessor:} 12... Bc6 13. Qe3 Nd7 14. Nd5 Bxd5 15. exd5 e5 16. b3 Be7 17. Bb2 Qc7 18. Bd3 {1-0 (40) Batceceg,T (2240)-Wagner Michel,A (2250) Novi Sad 1990}) 13. Be3 b5 14. g4 Be6 15. Nd5 Bxd5 16. exd5 Be7 17. h4 Nd7 18. Qf2 Nc5 19. Bd3 ({Günstiger ist} 19. f4 $16) 19... Qc7 20. Bf5 Rb8 21. Bxc5 (21. f4 $18) 21... dxc5 $14 22. Be4 Rd8 23. c3 O-O 24. Qe3 c4 25. Bc2 g6 26. Qxh6 Bf6 27. h5 Bg7 28. Qg5 Rd6 29. hxg6 fxg6 30. Bxg6 Rxf3 31. Bf5 Rf6 32. Be6+ Kf8 1-0